 Dungeon Crawl Stone Soup version 0.25-a0-668-gea548f19b6 (console) character file.

Game seed: 14355918761051731251, levelgen mode: classic

58 Duffy the Shield-Bearer (level 4, 42/42 HPs)
             Began as a Naga Fighter on Mar 28, 2020.
             Was a Follower of Fedhas.
             Quit the game on level 2 of the Dungeon.
             The game lasted 00:01:41 (1548 turns).

Duffy the Shield-Bearer (Naga Fighter)              Turns: 1548, Time: 00:01:42

Health: 42/42      AC:  4    Str: 18    XL:     4   Next: 1%
Magic:  4/4        EV:  5    Int:  9    God:    Fedhas [*.....]
Gold:   78         SH:  9    Dex: 11    Spells: 3/3 levels left

rFire    . . .     SeeInvis +   a - +1 war axe
rCold    . . .     Gourm    .   c - +0 kite shield
rNeg     . . .     Faith    .   i - +0 scale mail
rPois    +         Spirit   .   (no helmet)
rElec    .         Reflect  .   (no cloak)
rCorr    .         Harm     +   (no gloves)
MR       .....                  (no barding)
Stlth    ..........             m - amulet of harm
HPRegen  0.14/turn              p - ring of attention (curse)
MPRegen  0.09/turn              (no ring)

@: lightly drained, very slow
A: large, see invisible, deformed body, poison resistance, slowness 2, slow
metabolism 1, spit poison 1, AC +1
a: Spit Poison, Renounce Religion


You were on level 2 of the Dungeon.
You worshipped Fedhas.
Fedhas was aware of your devotion.
You were not hungry.

You visited 1 branch of the dungeon, and saw 2 of its levels.

You collected 78 gold pieces.

Inventory:

Hand Weapons
 a - a +1 war axe (weapon)
 b - a +1 whip of draining
Armour
 c - a +0 kite shield (worn)
 i - a +0 scale mail (worn)
Jewellery
 m - an amulet of harm (around neck)
 p - a cursed ring of attention (left hand)
Scrolls
 e - a scroll of magic mapping
 k - a scroll of remove curse
 l - a scroll of fog {unknown}
 n - a scroll of teleportation
 o - 2 scrolls of blinking {unknown}
Potions
 d - a potion of might
 g - a potion of brilliance {unknown}
 j - a potion of heal wounds {unknown}
 q - a potion of haste {unknown}
Comestibles
 f - 5 rations
 h - 5 chunks of flesh


   Skills:
 - Level 3.0(2.7) Fighting
 + Level 3.2(2.9) Axes
 - Level 2.4(2.1) Armour
 + Level 3.2(2.9) Shields


You had 3 spell levels left.
You didn't know any spells.
Your spell library was empty.

Dungeon Overview and Level Annotations

Branches:
Dungeon (2/15)

Altars:
Fedhas


Innate Abilities, Weirdness & Mutations

You cannot wear boots.
Your serpentine skin is tough. (AC +1)
You have supernaturally acute eyesight. (SInv)
Armour fits poorly on your strangely shaped body.
Your system is resistant to poisons. (rPois)
You cover ground very slowly.
You have a slow metabolism.
You can spit poison.


Message History

You hit the dart slug but do no damage.
The dart slug is severely wounded.
The dart slug bites you but does no damage.
You slash the dart slug!
You kill the dart slug!
You have reached level 4!
You feel agile.
A giant cockroach comes into view.
There is an open door here.
A frilled lizard comes into view.
The frilled lizard hisses angrily.
There is a faded altar of an unknown god here.
You cannot tell which god this altar belongs to.
Convert to them anyway? [Y]es or [N]o only, please.
You cannot tell which god this altar belongs to.
Convert to them anyway?
Fedhas accepts your prayer! Fedhas welcomes you!
The plants of the dungeon cease their hostilities.
The giant cockroach completely misses you.
Are you sure you want to abandon this character and quit the game? (Confirm with "yes".)

###### ###....#
#......# ##..#...#
#..#s#..###########
#..@#.............#
#..(....###.......#
#l......###.....(.###
..'.......'.'......%'..
.##.......###.......###
.. #.......# #.......##
. #.......# ####.....#
#.......# #.....#
#.......# #.....#


You could see a giant cockroach and a frilled lizard.

Vanquished Creatures
  2 adders (D:2)
  A worm (D:2)
  A dart slug (D:2)
  A leopard gecko (D:1)
  A ball python (D:2)
  3 bats (D:1)
  5 giant cockroaches
  3 goblins
  3 hobgoblins
  A quokka (D:2)
  3 frilled lizards
  5 kobolds
  6 rats (D:1)
35 creatures vanquished.

Notes
Turn   | Place    | Note
-------+----------+-------------------------------------------
     0 | D:1      | Duffy the Naga Fighter began the quest for the Orb.
     0 | D:1      | Reached XP level 1. HP: 21/21 MP: 1/1
   123 | D:1      | Reached XP level 2. HP: 28/28 MP: 2/2
   502 | D:1      | You fall into a shaft and drop 1 floor!
   770 | D:2      | Reached XP level 3. HP: 26/34 MP: 3/3
  1537 | D:2      | Found a faded altar of an unknown god.
  1540 | D:2      | Reached XP level 4. HP: 42/42 MP: 4/4
  1546 | D:2      | Became a worshipper of Fedhas Madash
  1546 | D:2      | Reached * piety under Fedhas
  1548 | D:2      | Quit the game

Levels and vault maps discovered:
D:1:      onia_arrival_larder, layout_basic, minmay_tetromino_l4
D:2:      layout_basic, chequers_ecumenical_altar_simple, first_ration

Skill      XL: |  1  2  3 |
---------------+----------+-----
Shields        | 3 |  3.2
Axes           | 3 |  3.2
Fighting       | |  3.0
Armour         | |  2.4

Action                   |  1- 3 |  4- 6 || total
-------------------------+-------+-------++-------
Melee: War axe           |    42 |       ||    42
       Whip              |    57 |       ||    57
 Abil: Spit Poison       |     2 |       ||     2
  Use: Scroll            |     5 |       ||     5
  Eat: Chunk             |     1 |       ||     1
Armor: Scale mail        |    45 |       ||    45
Dodge: Dodged            |    18 |     1 ||    19
Block: Kite shield       |    36 |       ||    36

Table legend:
 A = Non-vault XP
 B = Vault XP
 C = Vault XP percentage of total XP
 D = Non-vault monster count
 E = Vault monster count
 F = Vault count percentage of total count
                 A         B        C        D         E       F
            +---------+---------+-------+---------+---------+-------
      Total |      67 |      16 |  19.3 |      24 |      11 |  31.4
            +---------+---------+-------+---------+---------+-------
        D:1 |      18 |      16 |  47.1 |      12 |      11 |  47.8
        D:2 |      49 |       0 |   0.0 |      12 |       0 |   0.0
            +---------+---------+-------+---------+---------+-------
